 Dungeon Crawl Stone Soup version 0.30.0-17-ge0270778cf (webtiles) character file.

Game seed: 16703437007023354020

129006 MacCMillion the Rapturous (level 17, -8/168 HPs)
             Began as a Hill Orc Fighter on May 21, 2023.
             Was a Believer of Uskayaw.
             Shot with a bolt by a naga sharpshooter (19 damage)
             ... on level 3 of the Snake Pit.
             The game lasted 00:45:22 (30804 turns).

MacCMillion the Rapturous (Hill Orc Fighter)       Turns: 30804, Time: 00:45:23

Health: -8/168     AC: 19    Str: 34    XL:     17   Next: 4%
Magic:  31/31      EV: 12    Int:  8    God:    Uskayaw [**....]
Gold:   1645       SH:  5    Dex: 16    Spells: 16/16 levels left

rFire   + . .        C - +3 broad axe (spect)
rCold   x . .        c - +0 buckler
rNeg    . . .        x - +0 swamp dragon scales
rPois   +            N - +1 helmet
rElec   +            (no cloak)
rCorr   .            u - +1 pair of gloves
SInv    .            E - +1 pair of boots
Will    +....        i - amulet of faith
Stlth   +            s - ring of fire
HPRegen 0.48/turn    H - ring of Eternity {*Corrode rElec Str+7 Dex+6}
MPRegen 0.22/turn

%: corrode self (3%), faith
@: constricted
A: no striking features
a: Renounce Religion, Stomp, Line Pass


You were on level 3 of the Snake Pit.
You worshipped Uskayaw.
Uskayaw was greatly pleased with you.
You visited 5 branches of the dungeon, and saw 26 of its levels.
You also visited: Sewer and Bailey.

You collected 2570 gold pieces.
You spent 925 gold pieces at shops.

Inventory:

Hand Weapons
 a - a +0 demon whip of venom
 C - a +3 spectral broad axe (weapon)
Missiles
 L - 2 throwing nets (quivered)
 S - 8 javelins
 Z - 3 curare-tipped darts
Armour
 c - a +0 buckler (worn)
 u - a +1 pair of gloves (worn)
 x - +0 swamp dragon scales (worn)
 E - a +1 pair of boots (worn)
 J - a +3 plate armour of fire resistance
 N - a +1 helmet (worn)
Jewellery
 h - a ring of positive energy
 i - an amulet of faith (around neck)
 s - a ring of fire (left hand)
 y - a +4 ring of protection
 H - the ring of Eternity (right hand) {*Corrode rElec Str+7 Dex+6}
   (You acquired it in a bailey)

   [ring of dexterity]

   Str:       It affects your strength (+7).
   Dex:       It affects your dexterity (+6).
   rElec:     It insulates you from electricity.
   *Corrode:  It may corrode you when you take damage.
 V - a ring of ice
Wands
 b - a wand of quicksilver (19)
 t - a wand of flame (39)
 Q - a wand of mindburst (9)
 U - a wand of digging (14)
 W - a wand of charming (16)
Scrolls
 f - 5 scrolls of teleportation
 k - 6 scrolls of fear
 n - 3 scrolls of magic mapping
 o - 2 scrolls of vulnerability
 p - a scroll of amnesia
 q - 4 scrolls of silence
 r - 6 scrolls of fog
 w - 3 scrolls of immolation
 B - 3 scrolls of blinking
 M - a scroll of torment
 P - 2 scrolls of noise
 T - 4 scrolls of enchant armour
 Y - 2 scrolls of poison
Potions
 d - 2 potions of might
 e - 2 potions of heal wounds
 g - 10 potions of curing
 j - a potion of attraction
 m - 5 potions of haste
 v - 4 potions of berserk rage
 z - 4 potions of mutation
 A - 6 potions of ambrosia
 D - 3 potions of invisibility
 F - 8 potions of flight
 G - 4 potions of brilliance
 I - 4 potions of cancellation
 K - 6 potions of degeneration
 R - 2 potions of resistance
 X - 2 potions of lignification {unknown}
Miscellaneous
 O - a tin of tremorstones (2/2)


   Skills:
 + Level 19.5 Fighting
 - Level 16.0 Axes
 - Level 15.0 Armour
 + Level 7.4 Dodging
 + Level 4.9 Shields
 - Level 20.0 Invocations


You had 16 spell levels left.
You didn't know any spells.
Your spell library contained the following spells:

 Spells                   Type           Power      Damage    Failure   Level
 Foxfire                  Conj/Fire      0%         2x1d4     52%         1
 Slow                     Hex            0%         N/A       52%         1
 Sting                    Tmut/Pois      0%         1d3       52%         1
 Summon Small Mammal      Summ           0%         N/A       52%         1
 Passwall                 Tmut/Erth      0%         N/A       67%         2
 Sublimation of Blood     Necr           0%         N/A       67%         2
 Wereblood                Tmut           0%         N/A       67%         2
 Call Canine Familiar     Summ           0%         N/A       88%         3
 Confusing Touch          Hex            0%         N/A       88%         3
 Dazzling Flash           Conj/Hex       0%         N/A       88%         3
 Mephitic Cloud           Conj/Pois/Air  0%         N/A       88%         3
 Stone Arrow              Conj/Erth      0%         3d7       88%         3
 Summon Guardian Golem    Hex/Summ       0%         N/A       88%         3
 Vampiric Draining        Necr           0%         2d6       88%         3
 Volatile Blastmotes      Fire/Tloc      0%         2d10      88%         3
 Animate Armour           Summ/Erth      0%         N/A       99%         4
 Fulminant Prism          Conj/Hex       0%         3d5       99%         4
 Iskenderun's Mystic Bla  Conj/Tloc      0%         2d3       99%         4
 Irradiate                Conj/Tmut      0%         3d11      100%        5
 Summon Forest            Summ/Tloc      0%         N/A       100%        5
 Summon Mana Viper        Hex/Summ       0%         N/A       100%        5
 Starburst                Conj/Fire      0%         6d3       100%        6
 Summon Cactus Giant      Summ           0%         N/A       100%        6
 Storm Form               Tmut/Air       0%         N/A       100%        7
 Summon Hydra             Summ           0%         N/A       100%        7
 Lehudib's Crystal Spear  Conj/Erth      0%         10d2      100%        8
 Chain Lightning          Conj/Air       0%         N/A       100%        9


Dungeon Overview and Level Annotations

Branches:
Dungeon (15/15)            Temple (1/1) D:6            Lair (5/5) D:10
 Shoals (0/4) Lair:3        Snake (3/4) Lair:2        Slime (0/5) Lair:5
    Orc (2/2) D:10            Elf (0/3) Orc:2        Vaults (0/5) D:14
 Depths (0/4) D:15          Sewer (visited)          Bailey (visited)

Altars:
Ashenzari
Cheibriados
Dithmenos
Elyvilon
Fedhas
Gozag
Hepliaklqana
Kikubaaqudgha
Makhleb
Nemelex Xobeh
Okawaru
Qazlal
Ru
Sif Muna
Trog
Uskayaw
Vehumet
Wu Jian
Xom
Yredelemnul
Zin
The Shining One
Beogh
Jiyva

Shops:
D:5 ::(((   Orc:2 *[:(   Snake:2 !   Snake:3 =(

Portals:
Abyss: D:13
Trove: D:14 (show abyssal rune of Zot)

Annotations:
D:9 5 transporters
D:11 Erolcha, Kirke
D:13 2 transporters, fedoskokos's ghost, journeyman MiFi
Lair:3 exclusion: oklob plant


Message History

Your +3 spectral broad axe barely misses the naga sharpshooter.
Your +3 spectral broad axe hits the anaconda!
Your +3 spectral broad axe misses the anaconda.
Your +3 spectral broad axe hits the naga sharpshooter!!
Your +3 spectral broad axe hits the naga sharpshooter!
Your +3 spectral broad axe barely misses the naga sharpshooter.
The naga sharpshooter shouts!
Your +3 spectral broad axe hits the naga sharpshooter.
The anaconda grabs you.
The anaconda bites you but does no damage.
The anaconda constricts you.
The naga sharpshooter unwields a +0 flail.
The naga sharpshooter wields a +0 arbalest.
The naga sharpshooter shoots a bolt.
The bolt hits you!
* * * LOW HITPOINT WARNING * * *
The anaconda bites you!
* * * LOW HITPOINT WARNING * * *
The anaconda constricts you.
* * * LOW HITPOINT WARNING * * *
The naga sharpshooter shoots an arrow.
The arrow hits you!
* * * LOW HITPOINT WARNING * * *
You can now pass through a line of other dancers.
You are too injured to fight recklessly!
Unknown command.
You feel much better.
Your +3 spectral broad axe disappears.
You block the anaconda's attack. The anaconda constricts you.
* * * LOW HITPOINT WARNING * * *
The naga sharpshooter unwields a +0 long sword.
The naga sharpshooter wields a +0 shortbow.
The naga sharpshooter shoots an arrow.
The arrow hits you!
* * * LOW HITPOINT WARNING * * *
The naga sharpshooter casts a spell.
The naga sharpshooter magically shoots an arrow.
The arrow hits you!
* * * LOW HITPOINT WARNING * * *
The naga sharpshooter mumbles some strange words.
The naga sharpshooter magically shoots a bolt.
The bolt hits you!!
You die...

.......#.###..........
...∩..................
.......#.####..#.###.
#.###.####..##...###
...#...#....####...##
..###..#...## ##.#..##
..# #..#...#
#......#.. )##
##.#[..# #..S.......
.# #.##.## #.@........
.#####.##.#
#NNN#......
.....#....#
#...#...#..
####...####
#...####... #####
##### ... ..


You could see 3 naga sharpshooters and an anaconda.

Vanquished Creatures
  Frances (D:12)
  An orc warlord (Orc:2)
  Nessos (Orc:2)
  An ettin (Orc:1)
  Snorg (Orc:1)
  10 hydras
  Erica (D:10)
  7 anacondas
  2 two-headed ogres
  3 catoblepae
  5 centaur warriors
  4 boulder beetles
  6 death yaks (Lair:5)
  A tengu warrior (D:14)
  10 naga warriors
  4 orc high priests (Orc:2)
  6 naga sharpshooters
  Urug (D:10)
  Sonja (Lair:5)
  4 shock serpents
  2 salamander mystics
  Amaemon (Lair:2)
  An orb spider (shapeshifter) (D:14)
  A necromancer (D:15)
  3 naga ritualists
  2 lindwurms
  6 orc knights
  2 wolf spider zombies (D:15)
  2 mana vipers (Snake:3)
  5 orc sorcerers
  5 cyclopes
  2 deep elf pyromancers
  10 ugly things
  3 manticores
  7 salamanders
  12 elephants
  2 guardian serpents
  8 naga magi
  A centaur skeleton (D:15)
  20 black mambas
  Maggie (D:6)
  2 gargoyles (D:13)
  14 cane toads
  A centaur zombie (D:15)
  A torpor snail (Lair:5)
  8 kobold demonologists
  A yaktaur (shapeshifter) (D:14)
  An orange demon (Lair:2)
  6 rime drakes
  8 komodo dragons
  7 trolls
  A wind drake (Lair:2)
  11 polar bears
  A hornet (D:8)
  4 raiju (Lair:5)
  12 blink frogs
  7 dream sheep (Lair:5)
  16 slime creatures (D:14)
  A vampire (D:11)
  A centaur simulacrum (D:15)
  2 shadows
  2 wraiths (D:9)
  2 hogs (D:12)
  39 yaks
  A culicivora (shapeshifter) (D:15)
  2 wyverns
  A steam dragon (D:9)
  5 basilisks
  6 vampire mosquitoes
  9 wargs
  Menkaure (D:5)
  22 nagas
  11 hell hounds (Lair:5)
  12 water moccasins
  39 orc warriors
  A sky beast (D:7)
  13 black bears
  2 ice beasts
  23 wolves
  8 ogres
  5 boggarts (D:14)
  14 centaurs
  3 phantoms
  8 kobold brigands
  12 bullfrogs
  Blork the orc (D:5)
  3 scorpions
  9 wights
  6 killer bees (D:10)
  8 electric eels
  8 howler monkeys
  A jelly (Sewer)
  17 orc priests
  6 hounds
  2 gnoll boudas
  2 sleepcaps
  Ijyb (D:5)
  8 iguanas
  24 orc wizards
  16 gnolls
  12 adders
  5 river rats
  A shadow imp (D:6)
  A white imp (D:3)
  2 worms
  4 dart slugs
  66 orcs
  12 endoplasms
  5 giant cockroaches
  12 goblins
  26 hobgoblins
  6 jackals
  3 quokkas
  7 ball pythons
  5 bats
  7 frilled lizards
  29 kobolds
  10 rats
837 creatures vanquished.

Vanquished Creatures (others)
  A wizard (D:14)
  6 spectral weapons
7 creatures vanquished.

Grand Total: 844 creatures vanquished

Notes
Turn   | Place    | Note
-------+----------+-------------------------------------------
     0 | D:1      | MacCMillion the Hill Orc Fighter began the quest for the
                  | Orb.
     0 | D:1      | Reached XP level 1. HP: 19/19 MP: 1/1
   201 | D:1      | Reached XP level 2. HP: 26/26 MP: 2/2
   665 | D:2      | Reached XP level 3. HP: 20/31 MP: 3/3
  1055 | D:2      | Reached XP level 4. HP: 39/39 MP: 4/4
  1391 | D:3      | Noticed a scorpion
  1407 | D:3      | Killed a scorpion
  1408 | D:3      | Reached skill level 5 in Axes
  1408 | D:3      | Reached XP level 5. HP: 36/45 MP: 5/5
  1611 | D:3      | Got the Grimoire of Experimentation
  2105 | D:4      | Found a glowing drain.
  2110 | Sewer    | Entered a sewer
  2345 | Sewer    | Reached XP level 6. HP: 48/51 MP: 6/6
  2703 | Sewer    | Found a viscous altar of Jiyva.
  3363 | D:4      | Reached XP level 7. HP: 33/57 MP: 4/7
  3490 | D:5      | Entered Level 5 of the Dungeon
  3588 | D:4      | Reached skill level 10 in Axes
  3796 | D:5      | Noticed Menkaure
  3899 | D:5      | Killed Menkaure
  3900 | D:5      | Reached skill level 1 in Dodging
  3900 | D:5      | Reached XP level 8. HP: 51/66 MP: 5/8
  4267 | D:5      | Found Wiskocewk's Book Emporium.
  4267 | D:5      | Noticed a walking earthen tome
  4269 | D:5      | Noticed Blork the orc
  4271 | D:5      | Noticed a walking divine tome
  4281 | D:5      | Killed Blork the orc
  4501 | D:5      | Found Mutoucs's Book Shoppe.
  4619 | D:5      | Found Zidyimuw's Weapon Shoppe.
  4625 | D:5      | Bought a +1 vampiric war axe for 175 gold pieces
  4640 | D:5      | Reached skill level 5 in Fighting
  4706 | D:5      | Reached skill level 5 in Armour
  4771 | D:5      | Noticed Ijyb
  4776 | D:5      | Killed Ijyb
  4845 | D:5      | Found Leog's Weapon Emporium.
  5061 | D:5      | Found Egiobause's Antique Weapon Emporium.
  5244 | D:6      | Reached XP level 9. HP: 63/74 MP: 5/9
  5719 | D:6      | Found a staircase to the Ecumenical Temple.
  5733 | Temple   | Entered the Ecumenical Temple
  5790 | Temple   | Became a worshipper of Uskayaw the Reveller
  5886 | D:6      | Reached * piety under Uskayaw
  5892 | D:6      | Reached ** piety under Uskayaw
  6084 | D:6      | Noticed Maggie
  6104 | D:6      | Reached *** piety under Uskayaw
  6110 | D:6      | Killed Maggie
  6462 | D:7      | Found a sparkling altar of Nemelex Xobeh.
  6490 | D:7      | Found a shimmering altar of Xom.
  6657 | D:7      | Found a flagged portal.
  6667 | Bailey   | Entered a bailey
  7030 | Bailey   | Reached **** piety under Uskayaw
  7046 | Bailey   | Noticed a kobold demonologist
  7049 | Bailey   | Noticed a red devil
  7050 | Bailey   | Noticed a sun demon
  7054 | Bailey   | Noticed an ice devil
  7055 | Bailey   | Reached ***** piety under Uskayaw
  7056 | Bailey   | Noticed a red devil
  7056 | Bailey   | Killed a kobold demonologist
  7057 | Bailey   | Reached XP level 10. HP: 32/86 MP: 0/10
  7462 | Bailey   | Acquired the ring of Eternity {*Corrode rElec Str+7 Dex+6}
  7678 | Bailey   | Found an iron altar of Okawaru.
  7678 | Bailey   | Noticed a kobold demonologist
  7680 | Bailey   | Noticed an orange demon
  7683 | Bailey   | Noticed an orange demon
  7693 | Bailey   | Killed a kobold demonologist
  8102 | D:7      | Reached skill level 1 in Invocations
  8510 | D:7      | Found a white marble altar of Elyvilon.
  8629 | D:8      | Reached ****** piety under Uskayaw
  8632 | D:8      | Reached skill level 2 in Invocations
  8743 | D:8      | Noticed a boulder beetle
  8783 | D:8      | Killed a boulder beetle
  9263 | D:8      | Found a roughly hewn altar of Beogh.
  9554 | D:9      | Found a transporter.
  9565 | D:9      | Found a transporter.
  9570 | D:9      | Found a transporter.
  9571 | D:9      | Noticed a kobold demonologist
  9573 | D:9      | Noticed a kobold demonologist
  9577 | D:9      | Reached skill level 3 in Invocations
  9580 | D:9      | Killed a kobold demonologist
  9584 | D:9      | Reached skill level 5 in Dodging
  9585 | D:9      | Killed a kobold demonologist
  9601 | D:9      | Noticed a boulder beetle
  9734 | D:9      | Reached skill level 15 in Axes
  9734 | D:9      | Reached XP level 11. HP: 95/95 MP: 13/13
  9887 | D:9      | Reached skill level 4 in Invocations
 10018 | D:9      | Found a transporter.
 10027 | D:9      | Noticed a manticore
 10045 | D:9      | Found a transporter.
 10048 | D:9      | Noticed a manticore
 10213 | D:10     | Entered Level 10 of the Dungeon
 10314 | D:10     | Found a staircase to the Orcish Mines.
 10445 | D:10     | Noticed Erica
 10470 | D:10     | Killed Erica
 10628 | D:10     | Reached skill level 5 in Invocations
 10772 | D:10     | Found a staircase to the Lair.
 10779 | D:10     | Noticed Urug
 10809 | D:10     | Killed Urug
 11450 | D:10     | Found a roughly hewn altar of Beogh.
 11660 | D:11     | Noticed Erolcha
 11717 | Lair:1   | Entered Level 1 of the Lair of Beasts
 11819 | Lair:1   | Reached skill level 10 in Fighting
 12134 | Lair:1   | Reached XP level 12. HP: 106/106 MP: 16/16
 12136 | Lair:1   | Reached skill level 10 in Armour
 12137 | Lair:1   | Reached skill level 6 in Invocations
 12310 | Lair:1   | Reached skill level 7 in Invocations
 12721 | Lair:1   | Reached skill level 8 in Invocations
 12981 | Lair:2   | Reached skill level 9 in Invocations
 13204 | Lair:2   | Found a staircase to the Snake Pit.
 13319 | Lair:2   | Reached skill level 10 in Invocations
 13354 | Lair:2   | Noticed Amaemon
 13367 | Lair:2   | Killed Amaemon
 14200 | Lair:3   | Found a staircase to the Shoals.
 14322 | Lair:3   | Reached skill level 11 in Invocations
 14433 | Lair:3   | Noticed a six-headed hydra
 14717 | Lair:3   | You fall into a shaft and drop 2 floors!
 14717 | Lair:5   | Entered Level 5 of the Lair of Beasts
 14717 | Lair:5   | Noticed a death yak
 14718 | Lair:5   | Noticed a death yak
 14726 | Lair:5   | Killed a death yak
 14727 | Lair:5   | Reached XP level 13. HP: 107/116 MP: 16/21
 14793 | Lair:5   | Reached skill level 12 in Invocations
 15267 | Lair:5   | Noticed Sonja
 15298 | Lair:5   | Killed Sonja
 15378 | Lair:5   | Reached skill level 13 in Invocations
 15882 | Lair:5   | Found a viscous altar of Jiyva.
 15886 | Lair:5   | Found a staircase to the Slime Pits.
 16281 | Lair:5   | Reached XP level 14. HP: 128/129 MP: 24/24
 16313 | Lair:5   | Reached skill level 14 in Invocations
 17214 | Lair:4   | Identified the +8 war axe "Rius" {speed, Fly}
 18589 | Lair:5   | Reached skill level 15 in Invocations
 19445 | Orc:1    | Entered Level 1 of the Orcish Mines
 19447 | Orc:1    | Noticed Snorg
 19465 | Orc:1    | Killed Snorg
 19615 | Orc:2    | Entered Level 2 of the Orcish Mines
 19959 | Orc:2    | Noticed Nessos
 19978 | Orc:2    | Killed Nessos
 20295 | Orc:2    | Reached skill level 15 in Fighting
 21013 | Orc:2    | Reached skill level 16 in Invocations
 21116 | Orc:2    | Reached XP level 15. HP: 137/141 MP: 27/27
 21164 | Orc:2    | Noticed an orc warlord
 21187 | Orc:2    | Killed an orc warlord
 21466 | Orc:2    | Found a staircase to the Elven Halls.
 21575 | Orc:2    | Found Ihiqes's General Store.
 21576 | Orc:2    | Found Lolekla's Book Shoppe.
 21577 | Orc:2    | Found Qutiecot's Antique Armour Shoppe.
 21577 | Orc:2    | Found Gocsivyh's Antique Weapon Emporium.
 21591 | Orc:2    | Bought a scroll of identify for 30 gold pieces
 21874 | D:11     | Reached skill level 15 in Armour
 21971 | D:12     | Noticed Frances
 22019 | D:12     | Noticed Kirke
 22655 | D:12     | Killed Frances
 22657 | D:12     | Reached skill level 17 in Invocations
 23675 | D:13     | Found a transporter.
 23702 | D:13     | Found a transporter.
 23704 | D:13     | Found a one-way gate to the infinite horrors of the Abyss.
 23704 | D:13     | Noticed fedoskokos's ghost (journeyman MiFi)
 24510 | D:14     | Reached skill level 18 in Invocations
 25385 | D:14     | Found a portal to a secret trove of treasure.
 25473 | D:14     | Found a gate to the Vaults.
 25616 | D:15     | Entered Level 15 of the Dungeon
 25757 | D:15     | Reached XP level 16. HP: 139/155 MP: 26/29
 26570 | D:15     | Reached skill level 19 in Invocations
 26671 | D:15     | Found a staircase to the Depths.
 27081 | Snake:1  | Entered Level 1 of the Snake Pit
 27886 | Snake:2  | Found Ynimezaz's Distillery.
 28579 | Snake:2  | Reached skill level 20 in Invocations
 29337 | Snake:3  | Found Aqinteug's Jewellery Emporium.
 29555 | Snake:3  | Bought an amulet of faith for 720 gold pieces
 30334 | Snake:3  | Found Plog's Weapon Shop.
 30637 | Snake:3  | Reached XP level 17. HP: 157/168 MP: 31/31
 30804 | Snake:3  | Shot with a bolt by a naga sharpshooter

Illustrated notes

Levels and vault maps discovered:
D:1:      psy_arrival_radial02, layout_loops_ring
D:2:      layout_rooms
D:3:      layout_rooms
D:4:      layout_loops_ring, lightli_sewer_entry_pipes, st_stairs_3
D:5:      layout_basic, serial_shops, nicolae_shop_stone, shop, shop,
          nicolae_shop_mannequins, nicolae_shop_bloodbath_and_beyond,
          kennysheep_cross_room, st_stairs_2, minmay_misc_feat_five,
          grunt_ministairs_8, kennysheep_potato, uniq_ijyb, uniq_blork_the_orc,
          uniq_menkaure
D:6:      layout_loops_cross, minmay_temple_entry_antechambers, uniq_maggie
D:7:      layout_cave_pods, mainiacjoe_overflow_two_lobes,
          mainiacjoe_overflow_tiny_flanked, enter_bailey_3
D:8:      layout_rooms, david_defended_altar_orc
D:9:      gammafunk_the_bubble [the_bubble_gammafunk_roulette],
          layout_irregular_city
D:10:     layout_loops_ring, dpeg_oklobed_lair, minmay_orc_entry_temple_small,
          uniq_erica, uniq_urug
D:11:     layout_gridville, uniq_harold, uniq_erolcha
D:12:     layout_rooms, uniq_kirke, uniq_frances
D:13:     layout_long_grid, gammafunk_ghost_abyssal_escape,
          kennysheep_generic_room_6
D:14:     hellmonk_destroyed_diamonds, layout_rooms, david_vaults_4,
          minivault_25, trove_entry_hex_spiral, minmay_crystal_water
D:15:     grunt_enter_depths_magical_seal, layout_cave_pools,
          chequers_serial_rivers_large_b
Temple:   hellmonk_temple_of_storms
Lair:1:   layout_gridlike, serial_rivers, chequers_serial_rivers_marsh,
          chequers_serial_rivers_marsh, chequers_serial_rivers_room_a,
          chequers_serial_rivers_small_3, beast_lair_carwin_5
Lair:2:   layout_cave_pods, minmay_snake_entry_guardpost_medium, uniq_amaemon
Lair:3:   layout_roguey, minmay_shoals_entry_beasts
Lair:4:   layout_layer_cave, nicolae_lair_lil_pond, kennysheep_catoblepas_arena,
          serial_bayou_shore_a
Lair:5:   hangedman_lair_in_review, layout_loops_ring,
          hangedman_lair_caniforms_friends, dpeg_slime_entry_corner,
          serial_bayou_lake_a, uniq_sonja
Snake:1:  layout_cave_shapes
Snake:2:  layout_basic, serial_shops, shop, nicolae_triple_integral
Snake:3:  layout_misc_corridors, serial_shops, shop, minmay_shop_star
Orc:1:    cheibrodos_orc_bank, layout_caves, nicolae_orc_lava_tube, uniq_snorg
Orc:2:    st_orc_congregation, layout_diamond_mine, nicolae_orc_tapped_out,
          uniq_nessos

Skill      XL: |  1  2  3  4  5  6  7  8  9 10 11 12 13 14 15 16 |
---------------+-------------------------------------------------+-----
Axes           | 3 4 5 7 9 10 11 13 15 16 | 16.0
Shields        | 4 |  4.9
Armour         | 4 5 6 7 9 11 12 14 15 | 15.0
Fighting       | 4 5 7 8 10 11 13 15 17 19 | 19.5
Dodging        | 1 2 4 5 6 7 |  7.4
Invocations    | 3 5 11 13 16 18 20 | 20.0

Action                     |  1- 3 |  4- 6 |  7- 9 | 10-12 | 13-15 | 16-18 || total
---------------------------+-------+-------+-------+-------+-------+-------++-------
  Melee: War axe           |    83 |   212 |   317 |   579 |   905 |       ||  2096
         Demon whip        |       |       |       |       |    72 |     5 ||    77
         Broad axe         |       |       |       |       |   127 |   217 ||   344
         Unarmed           |       |       |       |       |     2 |       ||     2
  Throw: Dart              |       |     6 |     6 |    10 |     3 |       ||    25
         Throwing net      |       |       |       |     2 |       |       ||     2
 Invoke: Stomp             |       |       |       |     2 |       |       ||     2
         Line Pass         |       |       |       |     1 |       |       ||     1
    Use: Scroll            |       |     2 |     2 |    11 |    13 |     9 ||    37
         Potion            |       |     1 |     1 |     2 |     4 |     1 ||     9
   Stab: Paralysed         |       |       |    10 |    75 |   138 |    30 ||   253
         Distracted        |       |       |       |       |     2 |     3 ||     5
 Armour: Scale mail        |    41 |    91 |    67 |       |       |       ||   199
         Plate armour      |       |       |    86 |   267 |   603 |    36 ||   992
         Swamp dragon scal |       |       |       |       |       |    66 ||    66
  Dodge: Dodged            |    37 |    85 |   113 |   202 |   436 |   111 ||   984
  Block: Buckler           |    17 |    48 |    56 |   117 |   225 |    49 ||   512
